 Dungeon Crawl Stone Soup version 0.28.0-53-g5a82cb258f (webtiles) character file.

Game seed: 5898905992347776148

2097 Woods the Insei (level 9, -2/67 HPs)
             Began as a Gnoll Transmuter on June 9, 2022.
             Was an Initiate of Ashenzari.
             Slain by a fire elemental (13 damage)
             ... summoned by a deep elf pyromancer
             ... on level 8 of the Dungeon.
             The game lasted 00:14:25 (9533 turns).

Woods the Insei (Gnoll Transmuter)                  Turns: 9533, Time: 00:14:26

Health: -2/67      AC:  2    Str: 11    XL:     9   Next: 28%
Magic:  18/18      EV: 25    Int: 16    God:    Ashenzari [......]
Gold:   317        SH:  0    Dex: 23    Spells: 11/21 levels left

rFire   . . .      SeeInvis .     - Unarmed
rCold   + . .      Faith    .   (shield currently unavailable)
rNeg    . . .      Spirit   .   (armour currently unavailable)
rPois   x          Reflect  .   (helmet currently unavailable)
rElec   .          Harm     .   (cloak currently unavailable)
rCorr   .          Rampage  .   (gloves currently unavailable)
Will    .....                   (boots currently unavailable)
Stlth   +++.......              e - amulet of magic regeneration
HPRegen 0.21/turn               h - +6 ring of dexterity
MPRegen 0.56/turn               r - ring of protection from cold

@: spider-form
A: venomous fangs, tiny, (fangs 1), strong nose, distributed training
a: End Transformation, Renounce Religion, Curse Item


You were on level 8 of the Dungeon.
You worshipped Ashenzari.
Ashenzari was noncommittal.
You were a venomous arachnid creature.
You visited 2 branches of the dungeon, and saw 9 of its levels.

You collected 317 gold pieces.

Inventory:

Missiles
 z - a throwing net
Armour
 c - a scarf of shadows
 d - a +0 pair of gloves (melded)
 l - a +0 pair of boots (melded)
 y - a +0 helmet (melded)
 E - a +0 cloak (melded)
 J - +0 steam dragon scales (melded)
Jewellery
 e - an amulet of magic regeneration (around neck)
 h - a +6 ring of dexterity (left front leg)
 r - a ring of protection from cold (right front leg)
 D - a ring of positive energy
Wands
 o - a wand of flame (17)
 u - a wand of mindburst (14)
 B - a wand of iceblast (17)
 I - a wand of charming (13)
Scrolls
 f - 2 scrolls of teleportation {unknown}
 g - 3 scrolls of immolation {unknown}
 k - 3 scrolls of fog {unknown}
 n - 5 scrolls of identify {unknown}
 p - 4 scrolls of vulnerability {unknown}
 s - a scroll of magic mapping {unknown}
 x - a scroll of summoning {unknown}
 C - a scroll of noise {unknown}
 G - a scroll of acquirement {unknown}
 H - a scroll of brand weapon {unknown}
Potions
 b - 3 potions of heal wounds {unknown}
 i - a potion of curing {unknown}
 j - 2 potions of flight {unknown}
 m - 2 potions of brilliance {unknown}
 q - 2 potions of berserk rage {unknown}
 t - 2 potions of might {unknown}
 v - 2 potions of attraction {unknown}
 w - a potion of degeneration {unknown}
 A - a potion of lignification {unknown}
 F - a potion of cancellation {unknown}


   Skills:
 + Level 4.9 Fighting
 + Level 4.1 Short Blades
 + Level 4.1 Long Blades
 + Level 4.1 Axes
 + Level 4.1 Maces & Flails
 + Level 4.1 Polearms
 + Level 4.1 Staves
 + Level 4.1 Slings
 + Level 4.1 Bows
 + Level 4.1 Crossbows
 + Level 4.1 Throwing
 + Level 4.1 Armour
 + Level 6.2 Dodging
 + Level 4.1 Stealth
 + Level 4.1 Shields
 + Level 7.8 Unarmed Combat
 + Level 6.5 Spellcasting
 + Level 3.3 Conjurations
 + Level 3.3 Hexes
 + Level 3.3 Summonings
 + Level 3.3 Necromancy
 + Level 3.3 Translocations
 + Level 5.1 Transmutations
 + Level 3.3 Fire Magic
 + Level 3.3 Ice Magic
 + Level 3.3 Air Magic
 + Level 3.3 Earth Magic
 + Level 3.3 Poison Magic
 + Level 4.5 Invocations
 + Level 4.1 Evocations


You had 11 spell levels left.
You knew the following spells:

 Your Spells              Type           Power      Damage    Failure   Level
a - Beastly Appendage     Tmut           42%        N/A       7%          1
b - Wereblood             Tmut           21%        N/A       9%          2
c - Spider Form           Tmut/Pois      18%        N/A       19%         3
d - Ice Form              Ice/Tmut       18%        N/A       43%         4

Your spell library contained the following spells:

 Spells                   Type           Power      Damage    Failure   Level
 Apportation              Tloc           32%        N/A       11%         1
 Shock                    Conj/Air       64%        1d7       11%         1
 Mephitic Cloud           Conj/Pois/Air  16%        N/A       24%         3
 Summon Guardian Golem    Hex/Summ       16%        N/A       24%         3
 Swiftness                Air            16%        N/A       24%         3
 Airstrike                Air            8%         N/A       54%         4
 Alistair's Intoxication  Tmut/Pois      12%        N/A       75%         5
 Summon Forest            Summ/Tloc      8%         N/A       83%         5
 Orb of Destruction       Conj           8%         9d6       100%        7
 Spellforged Servitor     Conj/Summ      8%         N/A       100%        7
 Disjunction              Tloc           8%         N/A       100%        8


Dungeon Overview and Level Annotations

Branches:
Dungeon (8/15)             Temple (1/1) D:6            Lair (0/6) D:8

Altars:
Ashenzari
Cheibriados
Dithmenos
Elyvilon
Fedhas
Gozag
Hepliaklqana
Kikubaaqudgha
Makhleb
Nemelex Xobeh
Okawaru
Qazlal
Ru
Sif Muna
Trog
Uskayaw
Vehumet
Wu Jian
Xom
Yredelemnul
The Shining One

Shops:
D:7 (

Annotations:
D:6 2 transporters
D:8 exclusion: 2 doors


Innate Abilities, Weirdness & Mutations

You are a venomous arachnid creature.
You have poisonous fangs.
You are tiny and dextrous.
Your spellcasting is less reliable in this form.
Your armour is entirely melded.
You are incapable of wielding weapons or throwing items.
((You have very sharp teeth.))
Your uncanny sense of smell can sniff out nearby items.
Your experience applies equally to all skills.


Message History

Your +0 steam dragon scales melds into your body.
You open the door.
A deep elf pyromancer comes into view.
It is wielding the +3 Elemental Staff {rElec rF++ rC++ AC+5}.
There is an open door here.
The deep elf pyromancer shouts!
You bite the deep elf pyromancer!
The deep elf pyromancer is lightly wounded.
The deep elf pyromancer closely misses you.
You barely miss the deep elf pyromancer.
The deep elf pyromancer is lightly wounded.
The deep elf pyromancer casts a spell.
You closely miss the deep elf pyromancer.
The deep elf pyromancer is lightly wounded.
The deep elf pyromancer hits you with the +3 Elemental Staff {rElec rF++ rC++ AC+5}!
The fire elemental completely misses you. x2
You bite the deep elf pyromancer!
The deep elf pyromancer is moderately wounded.
The fire elemental misses you.
The fire elemental completely misses you.
The deep elf pyromancer closely misses you.
You hit the deep elf pyromancer but do no damage.
The deep elf pyromancer is poisoned.
The deep elf pyromancer is moderately wounded.
The fire elemental misses you. x2
The deep elf pyromancer points at you and mumbles some strange words.
The bolt of fire hits you!!!
Ouch! That really hurt!
* * * LOW HITPOINT WARNING * * *
You bite the deep elf pyromancer!
The deep elf pyromancer looks as sick as possible!
The deep elf pyromancer is heavily wounded.
The fire elemental closely misses you.
The fire elemental completely misses you.
The deep elf pyromancer casts a spell at you.
The sticky flame misses you.
You bite the deep elf pyromancer!
The deep elf pyromancer looks as sick as possible!
The deep elf pyromancer is almost dead.
The fire elemental hits you. The fire elemental burns you!
You die...

#.## ##.### ○≈≈ #.#.#.# ..# #.#
≈≈####^.#.######## ..## #+#
≈##..#+........... ...#### ##.
##4...###.####.... #.#.#.## ..
###.... #.# #.### ..)...##
...##.##... #### #.# # #)#####.#
.9#+...+#.D #.#####(# # #)#
##...####...EE####...####.# # #.#
# .§..##...es..##..§..###.# # #.#
...####.....####...## #.### #.#
#.##..#+...'#..##.#####.... #.#
##....##.##..†.###.......# #.#
#....E###.....##...####.# #.#
....###....###.#.####.# #.#####
#+#.E##≈##..#'##.#.......
...##.###.####≈≈≈####.[.....###.#
.......##.###≈≈≈≈≈####.#.#.## #.#


You could see a deep elf pyromancer (extremely poisoned) and 2 fire elementals.

Vanquished Creatures
  A steam dragon (D:8)
  An ice beast (D:5)
  A black bear (D:6)
  A necrophage (D:4)
  A phantom (D:5)
  A kobold brigand (D:8)
  4 bullfrogs
  A scorpion (D:6)
  A wyvern skeleton (D:6)
  A water moccasin skeleton (D:5)
  3 wights (D:8)
  4 electric eels (D:6)
  3 howler monkeys (D:7)
  A bullfrog zombie (D:6)
  2 jellies
  2 centaur zombies (D:8)
  A bullfrog skeleton (D:6)
  2 centaur skeletons
  4 hounds
  An orc priest (D:8)
  5 iguanas
  Terence (D:2)
  An orc wizard (D:5)
  A howler monkey skeleton (D:4)
  3 gnolls (D:5)
  4 adders
  A white imp (D:6)
  3 adder skeletons
  A worm (D:3)
  11 orcs
  9 endoplasms
  2 giant cockroaches
  2 goblins
  7 hobgoblins
  4 jackals (D:1)
  11 kobolds
  5 quokkas
  3 training dummies (D:7)
  6 ball pythons
  3 bats
  2 frilled lizards (D:1)
  5 rats
126 creatures vanquished.

Vanquished Creatures (others)
  8 plants (D:6)
8 creatures vanquished.

Grand Total: 134 creatures vanquished

Notes
Turn   | Place    | Note
-------+----------+-------------------------------------------
     0 | D:1      | Woods the Gnoll Transmuter began the quest for the Orb.
     0 | D:1      | Reached XP level 1. HP: 17/17 MP: 6/6
   293 | D:1      | Reached XP level 2. HP: 19/23 MP: 5/7
   719 | D:1      | Learned a level 2 spell: Wereblood
  1053 | D:2      | Reached XP level 3. HP: 28/28 MP: 7/9
  1128 | D:2      | Reached skill level 5 in Spellcasting
  1226 | D:2      | Noticed Terence
  1317 | D:1      | Learned a level 3 spell: Spider Form
  1329 | D:2      | Killed Terence
  1330 | D:2      | Reached skill level 1 in Short Blades
  1330 | D:2      | Reached skill level 1 in Long Blades
  1330 | D:2      | Reached skill level 1 in Axes
  1330 | D:2      | Reached skill level 1 in Maces & Flails
  1330 | D:2      | Reached skill level 1 in Polearms
  1330 | D:2      | Reached skill level 1 in Staves
  1330 | D:2      | Reached skill level 1 in Slings
  1330 | D:2      | Reached skill level 1 in Bows
  1330 | D:2      | Reached skill level 1 in Crossbows
  1330 | D:2      | Reached skill level 1 in Throwing
  1330 | D:2      | Reached skill level 1 in Armour
  1330 | D:2      | Reached skill level 1 in Stealth
  1330 | D:2      | Reached skill level 1 in Shields
  1330 | D:2      | Reached skill level 1 in Invocations
  1330 | D:2      | Reached skill level 1 in Evocations
  1384 | D:2      | Reached XP level 4. HP: 34/34 MP: 7/11
  1478 | D:2      | Reached skill level 1 in Conjurations
  1478 | D:2      | Reached skill level 1 in Hexes
  1478 | D:2      | Reached skill level 1 in Summonings
  1478 | D:2      | Reached skill level 1 in Necromancy
  1478 | D:2      | Reached skill level 1 in Translocations
  1478 | D:2      | Reached skill level 1 in Fire Magic
  1478 | D:2      | Reached skill level 1 in Ice Magic
  1478 | D:2      | Reached skill level 1 in Air Magic
  1478 | D:2      | Reached skill level 1 in Earth Magic
  1478 | D:2      | Reached skill level 1 in Poison Magic
  2408 | D:3      | Reached XP level 5. HP: 40/40 MP: 10/12
  2951 | D:4      | Noticed a necrophage
  2960 | D:4      | Killed a necrophage
  2961 | D:4      | Reached XP level 6. HP: 41/47 MP: 10/13
  3557 | D:5      | Entered Level 5 of the Dungeon
  3557 | D:5      | Noticed an orc warrior
  3591 | D:5      | Noticed an ice beast
  3602 | D:5      | Killed an ice beast
  3603 | D:5      | Reached skill level 5 in Dodging
  3785 | D:4      | Reached XP level 7. HP: 30/52 MP: 10/15
  4036 | D:5      | Reached skill level 7 in Unarmed Combat
  5028 | D:6      | Noticed a kobold demonologist
  5028 | D:6      | Noticed a kobold demonologist
  5038 | D:6      | Found a transporter.
  5082 | D:6      | Found a transporter.
  5280 | D:6      | Reached XP level 8. HP: 51/60 MP: 16/16
  5635 | D:6      | Learned a level 4 spell: Ice Form
  6605 | D:6      | Found a staircase to the Ecumenical Temple.
  6801 | Temple   | Entered the Ecumenical Temple
  6991 | Temple   | Became a worshipper of Ashenzari the Shackled
  7671 | D:7      | Found Nueptiz's Firing Range.
  8007 | D:7      | Got the Almanac of Orientation and the Birds
  8458 | D:8      | Found a glowing golden altar of the Shining One.
  8662 | D:8      | Reached skill level 5 in Transmutations
  8662 | D:8      | Reached XP level 9. HP: 55/62 MP: 16/18
  8729 | D:8      | Noticed an ice devil
  9356 | D:8      | Noticed a gargoyle
  9388 | D:8      | Found a staircase to the Lair.
  9523 | D:8      | Noticed a deep elf pyromancer
  9533 | D:8      | Slain by a fire elemental

Illustrated notes

Levels and vault maps discovered:
D:1:      saegor_arrival_simple_a, layout_loops_ring
D:2:      layout_basic, serial_glass, glass_columns_b, glass_columns_c,
          glass_columns_a, glass_columns_c, glass_columns_b, glass_columns_c,
          item_on_display_a, item_on_display_a, minmay_strange_pillars,
          minmay_strange_pillars, uniq_terence
D:3:      layout_basic
D:4:      layout_basic, minmay_misc_feat_encased
D:5:      layout_basic
D:6:      gammafunk_wand_slinger, layout_layer_cave,
          minmay_temple_entry_gardened_gates, serial_bayou, serial_bayou_lake_a,
          serial_bayou_lagoon_b, serial_bayou_pond_e, serial_bayou_ford_a,
          nrook_mini_vaults
D:7:      layout_loops_ring, nicolae_shop_firing_range
D:8:      layout_loops_corners, kennysheep_mini_moat, lair_entry_dummy,
          enter_bailey_3, dilly_guarded_unrand_elemental_staff
Temple:   mainiacjoe_temple_cubbyholes

Skill      XL: |  1  2  3  4  5  6  7  8  9 |
---------------+----------------------------+-----
Spellcasting   | 5 6 |  6.5
Short Blades   | 1 2 3 4 |  4.1
Long Blades    | 1 2 3 4 |  4.1
Axes           | 1 2 3 4 |  4.1
Maces & Flails | 1 2 3 4 |  4.1
Polearms       | 1 2 3 4 |  4.1
Staves         | 1 2 3 4 |  4.1
Slings         | 1 2 3 4 |  4.1
Bows           | 1 2 3 4 |  4.1
Crossbows      | 1 2 3 4 |  4.1
Throwing       | 1 2 3 4 |  4.1
Armour         | 1 2 3 4 |  4.1
Stealth        | 1 2 3 4 |  4.1
Shields        | 1 2 3 4 |  4.1
Invocations    | 1 2 3 4 |  4.5
Evocations     | 1 2 3 4 |  4.1
Conjurations   | 1 2 3 |  3.3
Hexes          | 1 2 3 |  3.3
Summonings     | 1 2 3 |  3.3
Necromancy     | 1 2 3 |  3.3
Translocations | 1 2 3 |  3.3
Fire Magic     | 1 2 3 |  3.3
Ice Magic      | 1 2 3 |  3.3
Air Magic      | 1 2 3 |  3.3
Earth Magic    | 1 2 3 |  3.3
Poison Magic   | 1 2 3 |  3.3
Fighting       | 3 4 |  4.9
Transmutations | 4 5 |  5.1
Dodging        | 5 6 |  6.2
Unarmed Combat | 7 |  7.8

Action                   |  1- 3 |  4- 6 |  7- 9 || total
-------------------------+-------+-------+-------++-------
Melee: Unarmed           |    74 |    99 |   233 ||   406
       Bite              |     4 |     4 |     4 ||    12
       Kick              |     8 |    17 |     3 ||    28
       Headbutt          |     5 |     8 |       ||    13
       Punch             |     2 |     1 |       ||     3
 Cast: Beastly Appendage |    17 |    22 |     1 ||    40
       Spider Form       |     2 |     5 |    31 ||    38
       Ice Form          |       |       |     3 ||     3
 Abil: End Transformatio |       |       |     2 ||     2
 Stab: Sleeping          |     2 |     1 |     9 ||    12
Armor: Robe              |    15 |     8 |     1 ||    24
       Skin              |     1 |     1 |    10 ||    12
Dodge: Dodged            |    63 |    73 |   196 ||   332
